 Dungeon Crawl Stone Soup version 0.31-a0-675-g238779eb0a (webtiles) character file.

Game seed: 10703824307307144072

1555840 Vorhees the Marid (level 27, 184/184 HPs)
             Began as a Djinni Hexslinger on Sept 5, 2023.
             Was an Initiate of Gozag.
             Escaped with the Orb
             ... and 3 runes on Sept 6, 2023!
             The game lasted 05:31:20 (76951 turns).

Vorhees the Marid (Djinni Hexslinger)              Turns: 76951, Time: 05:31:20

Health: 184/184    AC: 24    Str: 17    XL:     27
Gold:   433        EV: 22    Int: 32    God:    Gozag SH: 16 Dex: 20

rFire   + + .        J - staff of the Summoning Gods {rElec Int+3 Air}
rCold   + + +        F - +4 kite shield {reflect}
rNeg    + . .        l - +3 steam dragon scales
rPois   ∞            x - +2 helmet {SInv}
rElec   +            P - +2 cloak {rCorr}
rCorr   +            h - +2 pair of gloves {Dex+3}
SInv    +            (boots unavailable)
Will    +++..        j - amulet of regeneration
Stlth   +            o - ring "Zosh" {rC+++ rN+ AC+4 Str+4 Stlth-}
HPRegen 1.30/turn    C - ring of Vekaannure {rC+ Will+ Str+6 Int+3 Dex-2}
MPRegen 0.00/turn

%: reflection
@: flying, studying 5 skills
A: sickness immunity, fire resistance 2, cold vulnerability 1, float, innate
caster, HP casting, extra vitality 1, see invisible, frail 1, mutation
resistance 1, sense surroundings 1, wild magic 1
0: Orb of Zot
}: 3/15 runes: barnacled, silver, gossamer
a: Renounce Religion, Potion Petition, Call Merchant, Bribe Branch


You escaped.
You worshipped Gozag.
Gozag was aware of your devotion.
You visited 11 branches of the dungeon, and saw 50 of its levels.
You also visited: Gauntlet and Volcano.

You collected 24480 gold pieces.
You spent 4033 gold pieces at shops.
You paid 20014 gold pieces to Gozag.

Inventory:

Missiles
 K - 2 throwing nets
Armour
 h - a +2 pair of gloves of dexterity (worn)
 l - +3 steam dragon scales (worn)
 x - a +2 helmet of see invisible (worn)
 F - a +4 kite shield of reflection (worn)
 I - a +1 helmet of intelligence
 L - a scarf of resistance
 P - a +2 cloak of preservation (worn)
Magical Staves
 B - a staff of fire
 J - the staff of the Summoning Gods (weapon) {rElec Int+3 Air}
   (You acquired it on level 3 of the Lair of Beasts)

   [staff of air]

   Base accuracy: +5 Base damage: 5 Base attack delay: 1.2 This weapon's minimum
   attack delay (0.6) is reached at skill level 12.
   Int+3:     It affects your intelligence (+3).
   rElec:     It insulates you from electricity.
   Air:       It increases the power of your Air spells.
   It falls into the 'Staves' category.
   It is a one-handed weapon.
 Y - the staff "Yser" {rPois rF+ rN+ Dex+5 Necro}
   (You found it on level 3 of the Elven Halls)

   [staff of death]

   Base accuracy: +5 Base damage: 5 Base attack delay: 1.2 This weapon's minimum
   attack delay (0.6) is reached at skill level 12.
   Dex+5:     It affects your dexterity (+5).
   rF+:       It protects you from fire.
   rPois:     It protects you from poison rN+: It protects you from negative
   energy.
   Necro:     It increases the power of your Necromancy spells.
   It falls into the 'Staves' category.
   It is a one-handed weapon.
Jewellery
 c - a ring of see invisible
 j - an amulet of regeneration (around neck)
 o - the ring "Zosh" (left hand) {rC+++ rN+ AC+4 Str+4 Stlth-}
   (You took it off a tengu reaver on level 5 of the Vaults)

   [ring of protection]

   AC+4:      It affects your AC (+4).
   Str+4:     It affects your strength (+4).
   rC+++:     It renders you almost immune to cold.
   rN+:       It protects you from negative energy.
   Stlth-:    It makes you less stealthy.
 z - a +6 ring of intelligence
 C - the ring of Vekaannure (right hand) {rC+ Will+ Str+6 Int+3 Dex-2}
   (You acquired it on level 15 of the Dungeon)

   [ring of strength]

   Str+6:     It affects your strength (+6).
   Int+3:     It affects your intelligence (+3).
   Dex-2:     It affects your dexterity (-2).
   rC+:       It protects you from cold.
   Will+:     It increases your willpower.
 S - the ring of Qeceit {rCorr Int+4}
   (You found it in a Gauntlet)

   [ring of resist corrosion]

   Int+4:     It affects your intelligence (+4).
   rCorr:     It protects you from acid and corrosion.
 Z - a ring of willpower
Wands
 n - a wand of paralysis (49)
 p - a wand of digging (8)
 s - a wand of roots (56)
 w - a wand of acid (25)
 y - a wand of flame (102)
 Q - a wand of mindburst (50)
 X - a wand of polymorph (37)
Scrolls
 g - 3 scrolls of revelation
 k - 12 scrolls of teleportation
 q - 2 scrolls of fear
 t - 9 scrolls of poison
 u - 2 scrolls of butterflies
 D - a scroll of immolation
 E - a scroll of vulnerability
 T - 5 scrolls of fog
Potions
 b - 9 potions of might
 d - 12 potions of enlightenment
 e - 2 potions of mutation
 f - 11 potions of curing
 i - 11 potions of ambrosia
 m - 2 potions of resistance
 r - 14 potions of lignification
 v - 2 potions of haste
 A - 7 potions of brilliance
 M - 2 potions of cancellation
 O - 2 potions of invisibility
Miscellaneous
 G - a phantom mirror
 N - a sack of spiders
 W - a lightning rod (4/4)


   Skills:
 - Level 20.0 Fighting
 + Level 0.2 Staves
 - Level 1.5 Ranged Weapons
 - Level 10.0 Armour
 - Level 15.0 Dodging
 - Level 7.4 Stealth
 - Level 10.0 Shields
 O Level 27 Spellcasting
 O Level 27 Conjurations
 O Level 27 Hexes
 O Level 27 Summonings
 O Level 27 Necromancy
 O Level 27 Translocations
 O Level 27 Transmutations
 O Level 27 Fire Magic
 O Level 27 Ice Magic
 O Level 27 Air Magic
 O Level 27 Earth Magic
 O Level 27 Poison Magic
 * Level 18.5 Evocations


You knew the following spells:

 Your Spells              Type           Power      Damage    Failure   Level
a - Slow                  Hex            100%       N/A       1%          1
b - Inner Flame           Hex/Fire       100%       N/A       1%          3
c - Portal Projectile     Hex/Tloc       100%       N/A       1%          3
d - Cause Fear            Hex            68%        N/A       1%          4
e - Shock                 Conj/Air       100%       1d9       1%          1
f - Passwall              Tmut/Erth      100%       N/A       1%          2
g - Poisonous Vapours     Pois/Air       100%       N/A       1%          2
h - Ignite Poison         Fire/Tmut/Pois 100%       N/A       1%          3
i - Freezing Cloud        Conj/Ice/Air   80%        6-21      1%          5
j - Yara's Violent Unrav  Hex/Tmut       68%        3d25      1%          5
k - Starburst             Conj/Fire      68%        6d18      1%          6
l - Simulacrum            Ice/Necr       68%        N/A       1%          6
m - Enfeeble              Hex            68%        N/A       1%          7
n - Summon Hydra          Summ           68%        N/A       1%          7
o - Monstrous Menagerie   Summ           68%        N/A       1%          7
p - Lehudib's Crystal Sp  Conj/Erth      68%        10d15     1%          8
q - Polar Vortex          Ice            68%        12d9*     3%          9
Your spell library was empty.

Dungeon Overview and Level Annotations

Branches:
Dungeon (15/15)            Temple (1/1) D:6            Lair (5/5) D:8
 Shoals (4/4) Lair:2       Spider (4/4) Lair:2        Slime (2/5) Lair:5
    Orc (2/2) D:9             Elf (3/3) Orc:2        Vaults (5/5) D:13
  Crypt (0/3) Vaults:2     Depths (4/4) D:15            Zot (5/5) Depths:4
Volcano (visited)         Gauntlet (visited)

Altars:
Ashenzari
Cheibriados
Dithmenos
Elyvilon
Fedhas
Gozag
Hepliaklqana
Makhleb
Nemelex Xobeh
Okawaru
Qazlal
Ru
Trog
Uskayaw
Wu Jian
Xom
Yredelemnul
Zin
The Shining One
Jiyva

Shops:
D:4 :   D:15 ?   Orc:2 =[[***(   Elf:1 ([   Elf:3 **   Shoals:1 [   Vaults:1 (
Vaults:2 ([!==   Vaults:4 =   Depths:1 :=:   Depths:3 (   Depths:4 [(*((

Portals:
Hell: Depths:1 Depths:2 Depths:3 Depths:4
Abyss: Depths:1 Depths:2 Depths:3
Pandemonium: Depths:2 Depths:4
Ziggurat: Depths:3

Annotations:
Elf:3 3 runed translucent doors, RandomKimchi's ghost, veteran AtGl
Zot:5 2 transporters


Innate Abilities, Weirdness & Mutations

You are immune to sickness and miasma.
You are immune to poison.
Your flesh is very heat resistant. (rF++)
You are vulnerable to cold. (rC-)
You float through the air rather than walking.
You learn spells naturally, not from books.
Your magical power is your life essence.
You have superior vitality. (+4 MHP)
You have supernaturally acute eyesight. (SInv)
You are frail. (-10% HP)
You are somewhat resistant to further mutation.
You passively map a small area around you.
Your spells are a little harder to cast, but a little more powerful.


Message History

There is a stone staircase leading up here.
You fly upwards.
There is a stone staircase leading down here.
Unknown command.
Things that are here:
a +0 club; a +0 sling
Aiming: Dig
Press: ? - help, Shift-Dir - straight line You can't see that place. [the floor.]
The rock shatters into small pieces.
There is a stone staircase leading up here.
Unknown command.
Unknown command.
You fly upwards.
There is a stone staircase leading down here.
Unknown command.
An Orb Guardian comes into view.
Aiming: Lehudib's Crystal Spear (mildly dangerous; 1% risk of failure)
Press: ? - help, Q - select action, (/) - cycle Shift-Dir - straight line, f - Orb Guardian
Aim: an Orb Guardian (79% to hit)
The crystal spear hits the Orb Guardian!!!!
You kill the Orb Guardian!
Unknown command.
Things that are here:
a +0 hand axe; a hobgoblin skeleton
Aiming: Dig
Press: ? - help, Shift-Dir - straight line You can't see that place. [the floor.]
The rock shatters into small pieces.
A sun demon comes into view.
The crystal spear hits the sun demon!!!!
You kill the sun demon!
You can't see any susceptible monsters within range! (Use Z to cast anyway.) Unknown command.
You now have 433 gold pieces (gained 4).
There is an open door here.
There is a staircase leading out of the dungeon here.
You have escaped!

....###'## ##>## ###'###....
....##...######...######...##.###
................(...........#.###
#...#..⌠........⌠........⌠..#.###
#...#.......................#..##
#...##...######...######...###...
#...###### #####'##### ##### ####
#...########.).......## #
#...#######..♣..@..♣..#
#...########.........##
#...###### ########### ##########
########## ##########


There were no monsters in sight!

Vanquished Creatures
  An orb of fire (Zot:1)
  2 ancient liches
  Mara (Spider:3)
  Mennas (Vaults:5)
  Sojobo (Vaults:4)
  Vv (Zot:1)
  2 Killer Klowns
  A curse toe (Zot:4)
  7 golden dragons
  Norris (Vaults:1)
  A Tzitzimitl (D:8)
  Arachne (Spider:4)
  2 Hell Sentinels (D:15)
  2 liches (Depths:2)
  2 Orb Guardians
  14 tentacled monstrosities
  2 deep elf blademasters (Elf:3)
  4 quicksilver dragons
  9 titans
  A deep elf master archer (Elf:3)
  7 death cobs
  A kraken (Shoals:3)
  5 sphinxes
  8 shadow dragons
  16 storm dragons
  Kirke (Spider:3)
  Aizul (Spider:2)
  3 draconian monks
  An azure jelly (Slime:1)
  Donald (Vaults:2)
  7 tengu reavers
  Ilsuiw (Shoals:2)
  7 draconian knights
  5 fire giants
  6 deep elf sorcerers
  5 emperor scorpions
  7 frost giants
  4 ghost moths
  9 draconian scorchers
  An iron dragon (Vaults:5)
  12 vault wardens
  5 deep elf elementalists (Elf:3)
  5 broodmothers
  6 draconian shifters
  17 ironbound preservers
  An orc warlord (Vaults:1)
  4 draconian annihilators
  4 draconian stormcallers
  7 war gargoyles
  6 stone giants
  A formless jellyfish (shapeshifter) (Vaults:5)
  2 formless jellyfish
  7 ironbound thunderhulks
  18 very ugly things
  Nessos (Lair:3)
  11 yellow draconians
  2 vampire knights (Depths:2)
  17 deep elf annihilators
  8 green draconians
  14 white draconians
  14 purple draconians
  14 black draconians
  2 lorocyprocas
  2 spark wasps
  6 deep elf demonologists
  A dire elephant (Vaults:3)
  A minotaur (Gauntlet)
  12 red draconians
  10 ettins
  A blizzard demon (D:12)
  4 merfolk javelineers (Shoals:4)
  14 merfolk impalers
  8 deep elf death magi
  A fire dragon (Depths:4)
  13 yaktaur captains
  9 deep elf high priests
  2 entropy weavers (Spider:2)
  8 great orbs of eyes
  A jorogumo (Spider:2)
  6 spriggan air magi
  2 catoblepae
  5 peacekeepers
  25 vault guards
  3 ogre magi
  6 hydras
  3 rakshasas
  2 radroaches
  2 merfolk avatars
  A catoblepas (shapeshifter) (D:15)
  13 boulder beetles
  5 ironbound frosthearts
  3 alligator snapping turtles
  6 deep troll shamans
  An alligator (shapeshifter) (Vaults:5)
  11 two-headed ogres
  3 merfolk aquamancers
  A satyr (Shoals:3)
  4 centaur warriors
  A death knight (D:14)
  8 deep troll earth magi
  5 death yaks (Lair:5)
  3 tengu warriors
  A vampire mage (Depths:2)
  12 demonic crawlers
  5 orc high priests (Orc:2)
  5 spriggan berserkers (Depths:3)
  A soul eater (D:15)
  10 deep elf knights
  6 hell knights
  2 sixfirhies (D:15)
  Amaemon (Lair:2)
  A sun moth (Spider:4)
  2 sun demons
  7 skysharks
  A salamander mystic (Volcano)
  3 iron trolls
  7 glowing orange brains
  9 pharaoh ants
  17 sea snakes
  5 bog bodies (Shoals:3)
  5 lindwurms
  36 deep trolls
  8 orb spiders
  6 deep elf archers
  7 wizards
  17 ironbound convokers
  6 steelbarb worms
  2 phantasmal warriors
  A shadow demon (D:3)
  19 deep elf pyromancers
  35 harpies
  23 deep elf zephyrmancers
  4 necromancers
  9 orc knights
  5 fauns
  5 cyclopes
  4 salamanders (Volcano)
  A salamander (shapeshifter) (Vaults:5)
  21 ugly things
  10 manticores
  An orc sorcerer (Orc:2)
  32 moths of wrath
  28 wolf spiders
  7 elephants (Lair:5)
  Joseph (D:7)
  2 rust devils (D:15)
  12 merfolk sirens
  2 black mambas
  17 vault sentinels
  An eye of devastation (Gauntlet)
  4 gargoyles
  8 cane toads
  4 smoke demons
  8 water nymphs
  7 torpor snails
  4 orange demons
  3 rime drakes
  30 yaktaurs
  4 freezing wraiths (Vaults:5)
  2 ice devils (D:15)
  A tengu conjurer (Depths:2)
  6 komodo dragons
  22 merfolk
  5 hellwings (D:15)
  10 meliai
  2 red devils (D:15)
  4 wind drakes
  35 tarantellas
  3 hornets
  3 polar bears
  3 trolls
  A raiju (shapeshifter) (Elf:3)
  27 blink frogs
  9 snapping turtles
  39 slime creatures
  12 dream sheep
  5 water elementals
  2 spriggans (Depths:3)
  2 shadows
  4 ynoxinuls (D:15)
  42 jumping spiders
  5 wraiths
  A yak (shapeshifter) (Vaults:5)
  A jumping spider (shapeshifter) (Vaults:5)
  3 wyverns
  20 culicivoras
  A golden eye (shapeshifter) (Elf:3)
  5 golden eyes
  3 basilisks
  39 yaks
  A fire elemental (Elf:1)
  A steam dragon (shapeshifter) (D:13)
  7 vampire mosquitoes
  46 redbacks
  4 neqoxecs (D:15)
  4 wargs
  A steam dragon (D:6)
  A chaos spawn (Depths:2)
  3 acid dragons
  7 water moccasins
  28 orc warriors
  5 black bears
  5 ogres
  An ice beast (D:8)
  8 wolves
  15 centaurs
  2 kobold brigands
  12 bullfrogs
  An earth elemental (Depths:2)
  A scorpion (D:5)
  A wight (D:8)
  7 killer bees
  A howler monkey (D:11)
  An electric eel (Lair:4)
  5 hounds
  5 jellies
  A gnoll bouda (Orc:2)
  23 orc priests
  A sleepcap (D:6)
  16 iguanas
  13 orc wizards
  10 gnolls
  5 adders
  A white imp (D:5)
  An ufetubus (D:5)
  70 orcs
  3 endoplasms
  8 giant cockroaches
  9 goblins
  4 hobgoblins
  11 kobolds
  5 quokkas
  A ball python (D:3)
  4 bats
  3 frilled lizards (D:1)
  2 rats (D:3)
  2 tentacles (Shoals:3)
1719 creatures vanquished.

Vanquished Creatures (collateral kills)
  A dread lich (Zot:5)
  An orb of fire (Zot:5)
  4 Killer Klowns (Zot:5)
  Margery (Vaults:4)
  Xtahua (Vaults:4)
  2 golden dragons
  A bone dragon (Depths:4)
  2 electric golems (Zot:5)
  A walking crystal tome (Depths:3)
  15 Orb Guardians (Zot:5)
  3 liches (Depths:3)
  2 tentacled monstrosities
  2 quicksilver dragons
  An acid blob (Slime:1)
  A death cob (Zot:5)
  A shadow dragon (Zot:5)
  2 storm dragons
  2 frost giants (Depths:1)
  5 fire giants
  A balrug (Depths:1)
  An iron dragon (Depths:3)
  A vault warden (Vaults:3)
  2 draconian shifters
  10 very ugly things
  A quicksilver ooze (Slime:1)
  6 stone giants
  2 war gargoyles (Vaults:3)
  5 vampire knights
  2 black draconians (Depths:4)
  A purple draconian (Depths:4)
  3 red draconians
  A yellow draconian (Zot:5)
  2 ettins
  6 fire dragons
  7 crystal guardians
  A green death (Depths:4)
  3 jiangshi (Depths:4)
  2 rakshasas (Depths:1)
  A great orb of eyes (Slime:1)
  6 ice dragons
  A hell beast (Zot:1)
  A spriggan air mage (Depths:2)
  2 deep troll shamans
  2 deep troll earth magi (Depths:1)
  26 dancing weapons
  A vampire mage (Depths:4)
  2 tengu warriors
  A sun demon (Depths:4)
  A deep elf knight (Elf:3)
  A spriggan berserker (Depths:2)
  13 hell knights
  A soul eater (Depths:2)
  6 iron trolls
  A flayed ghost (Depths:3)
  3 deep trolls
  2 phantasmal warriors
  A deep elf zephyrmancer (Depths:2)
  7 ugly things
  A moth of wrath (Zot:5)
  A toenail golem (Zot:5)
  11 slime creatures
  A titan simulacrum (Depths:1)
  A smoke demon (Depths:4)
  3 fire giant skeletons (Depths:1)
  A red devil (Depths:2)
  A hellwing (Depths:4)
  A tyrant leech (shapeshifter) (Depths:3)
  A spriggan zombie (Depths:1)
  7 air elementals
  2 ynoxinuls
  3 fire elementals
  A chaos spawn (Zot:5)
  5 earth elementals
224 creatures vanquished.

Vanquished Creatures (others)
  A Killer Klown (Zot:5)
  2 Orb Guardians (Zot:5)
  2 draconian monks
  A draconian annihilator (Zot:3)
  An ironbound preserver (Vaults:4)
  A green draconian (Zot:3)
  A black draconian (Zot:5)
  2 purple draconians (Zot:5)
  A white draconian (Zot:3)
  2 moths of wrath
  5 humans (Spider:3)
  6 tentacles (Shoals:3)
25 creatures vanquished.

Grand Total: 1968 creatures vanquished

Notes
Turn   | Place    | Note
-------+----------+-------------------------------------------
     0 | D:1      | Vorhees the Djinni Hexslinger began the quest for the Orb.
     0 | D:1      | Vorhees set off with the following spells memorised: Slow,
                  | Inner Flame, Portal Projectile, Cause Fear.
     0 | D:1      | Reached XP level 1. HP: 17/17 MP: 0/0
   208 | D:1      | Reached XP level 2. HP: 16/22 MP: 0/0
   582 | D:2      | Reached XP level 3. HP: 26/27 MP: 0/0
   582 | D:2      | Learned a level 1 spell: Shock
   806 | D:2      | Found a faded altar of an unknown god.
  1358 | D:3      | Found a hide-covered altar of Uskayaw.
  1392 | D:3      | Reached XP level 4. HP: 32/32 MP: 0/0
  1798 | D:4      | Reached XP level 5. HP: 33/37 MP: 0/0
  1798 | D:4      | Learned a level 2 spell: Passwall
  1878 | D:4      | Found a hazy altar of Hepliaklqana.
  1950 | D:4      | Found a shadowy altar of Dithmenos.
  1950 | D:4      | Found a broken altar of Ashenzari.
  1955 | D:4      | Found a glowing golden altar of the Shining One.
  2198 | D:4      | Found Iniveete's Tremendous Tomes.
  2235 | D:5      | Entered Level 5 of the Dungeon
  2310 | D:5      | Reached XP level 6. HP: 42/42 MP: 0/0
  2363 | D:5      | Reached skill level 5 in Spellcasting
  2363 | D:5      | Reached skill level 5 in Conjurations
  2363 | D:5      | Reached skill level 5 in Hexes
  2363 | D:5      | Reached skill level 5 in Summonings
  2363 | D:5      | Reached skill level 5 in Necromancy
  2363 | D:5      | Reached skill level 5 in Translocations
  2363 | D:5      | Reached skill level 5 in Transmutations
  2363 | D:5      | Reached skill level 5 in Fire Magic
  2363 | D:5      | Reached skill level 5 in Ice Magic
  2363 | D:5      | Reached skill level 5 in Air Magic
  2363 | D:5      | Reached skill level 5 in Earth Magic
  2363 | D:5      | Reached skill level 5 in Poison Magic
  2441 | D:5      | Reached XP level 7. HP: 38/47 MP: 0/0
  2441 | D:5      | Learned a level 2 spell: Poisonous Vapours
  2649 | D:5      | Found a burning altar of Makhleb.
  2649 | D:5      | Noticed a cacodemon
  2871 | D:5      | Reached XP level 8. HP: 50/52 MP: 0/0
  3206 | D:6      | Found a staircase to the Ecumenical Temple.
  3215 | Temple   | Entered the Ecumenical Temple
  3257 | Temple   | Became a worshipper of Gozag Ym Sagoz the Greedy
  3806 | D:6      | Reached XP level 9. HP: 57/57 MP: 0/0
  3806 | D:6      | Learned a level 3 spell: Ignite Poison
  4053 | D:7      | Noticed Joseph
  4057 | D:7      | Killed Joseph
  4595 | D:7      | Found an iron altar of Okawaru.
  4693 | D:8      | Found a blossoming altar of Fedhas.
  4709 | D:8      | Reached skill level 10 in Spellcasting
  4709 | D:8      | Reached skill level 10 in Conjurations
  4709 | D:8      | Reached skill level 10 in Hexes
  4709 | D:8      | Reached skill level 10 in Summonings
  4709 | D:8      | Reached skill level 10 in Necromancy
  4709 | D:8      | Reached skill level 10 in Translocations
  4709 | D:8      | Reached skill level 10 in Transmutations
  4709 | D:8      | Reached skill level 10 in Fire Magic
  4709 | D:8      | Reached skill level 10 in Ice Magic
  4709 | D:8      | Reached skill level 10 in Air Magic
  4709 | D:8      | Reached skill level 10 in Earth Magic
  4709 | D:8      | Reached skill level 10 in Poison Magic
  4715 | D:8      | Reached XP level 10. HP: 59/62 MP: 0/0
  4775 | D:8      | Found an opulent altar of Gozag.
  4936 | D:8      | Found a staircase to the Lair.
  5404 | D:8      | Identified the +0 scale mail of Soel Wurgh {Will+ Dex+3
                  | Stlth+}
  5695 | D:9      | Found a staircase to the Orcish Mines.
  7042 | D:10     | Entered Level 10 of the Dungeon
  7905 | D:11     | Reached skill level 1 in Evocations
  7905 | D:11     | Reached XP level 11. HP: 74/74 MP: 0/0
  7905 | D:11     | Learned a level 5 spell: Freezing Cloud
  7910 | D:11     | Noticed a boulder beetle
  7913 | D:11     | Killed a boulder beetle
  7914 | D:11     | Reached skill level 5 in Fighting
  8037 | D:11     | Identified the +0 chain mail of Bothra {rPois Str+2 Slay-2}
  8239 | D:11     | Noticed a boulder beetle
  8245 | D:11     | Killed a boulder beetle
  8526 | Lair:1   | Entered Level 1 of the Lair of Beasts
  8568 | Lair:1   | Noticed a four-headed hydra
  8574 | Lair:1   | Killed a four-headed hydra
  8697 | Lair:1   | Noticed a five-headed hydra
  8736 | Lair:1   | Killed a five-headed hydra
  9541 | Lair:2   | Noticed Amaemon
  9544 | Lair:2   | Killed Amaemon
  9545 | Lair:2   | Reached XP level 12. HP: 68/86 MP: 0/0
  9736 | Lair:2   | Found a staircase to the Shoals.
  9932 | Lair:2   | Found a hole to the Spider Nest.
 10393 | Lair:3   | Noticed a seven-headed hydra
 10399 | Lair:3   | Killed a seven-headed hydra
 10406 | Lair:3   | Noticed Nessos
 10773 | Lair:3   | Reached skill level 10 in Fighting
 10791 | Lair:3   | Reached XP level 13. HP: 53/96 MP: 0/0
 10791 | Lair:3   | Learned a level 5 spell: Yara's Violent Unravelling
 10875 | Lair:3   | Killed Nessos
 11655 | Lair:3   | Identified a scroll of acquirement
 11655 | Lair:3   | Acquired the staff of the Summoning Gods {rElec Int+3 Air}
 11690 | Lair:4   | Reached skill level 5 in Dodging
 12125 | Lair:4   | Found a white marble altar of Elyvilon.
 13285 | Lair:5   | Entered Level 5 of the Lair of Beasts
 13739 | Lair:5   | Noticed a six-headed hydra
 13749 | Lair:5   | Killed a six-headed hydra
 13826 | Lair:5   | Reached XP level 14. HP: 53/103 MP: 0/0
 13993 | Lair:5   | Found a dark tunnel.
 14002 | Volcano  | Entered a volcano
 14024 | Volcano  | Noticed a red draconian
 14035 | Volcano  | Killed a red draconian
 14811 | Lair:5   | Found a viscous altar of Jiyva.
 14811 | Lair:5   | Found a staircase to the Slime Pits.
 15067 | Lair:5   | Reached skill level 10 in Dodging
 15320 | Lair:5   | Reached skill level 15 in Spellcasting
 15320 | Lair:5   | Reached skill level 15 in Conjurations
 15320 | Lair:5   | Reached skill level 15 in Hexes
 15320 | Lair:5   | Reached skill level 15 in Summonings
 15320 | Lair:5   | Reached skill level 15 in Necromancy
 15320 | Lair:5   | Reached skill level 15 in Translocations
 15320 | Lair:5   | Reached skill level 15 in Transmutations
 15320 | Lair:5   | Reached skill level 15 in Fire Magic
 15320 | Lair:5   | Reached skill level 15 in Ice Magic
 15320 | Lair:5   | Reached skill level 15 in Air Magic
 15320 | Lair:5   | Reached skill level 15 in Earth Magic
 15320 | Lair:5   | Reached skill level 15 in Poison Magic
 16132 | Orc:1    | Entered Level 1 of the Orcish Mines
 16352 | Orc:2    | Entered Level 2 of the Orcish Mines
 16638 | Orc:2    | Found a staircase to the Elven Halls.
 17120 | Orc:1    | Reached XP level 15. HP: 102/111 MP: 0/0
 17120 | Orc:1    | Learned a level 6 spell: Starburst
 17163 | Orc:1    | Found a bloodstained altar of Trog.
 17753 | Orc:2    | Found Teleroaw's Assorted Antiques.
 17753 | Orc:2    | Found Watyps's Assorted Antiques.
 17754 | Orc:2    | Found Jiko's General Store.
 17754 | Orc:2    | Found Lutoruh's Weapon Shop.
 17778 | Orc:2    | Bought a +0 helmet of see invisible for 172 gold pieces
 17778 | Orc:2    | Bought a +2 cloak of preservation for 322 gold pieces
 17825 | Orc:2    | Bought the ring "Akath" {rC+ AC+4} for 650 gold pieces
 17833 | Orc:2    | Bought a +1 pair of gloves of dexterity for 247 gold pieces
 17846 | Orc:2    | Bought +2 steam dragon scales for 780 gold pieces
 18379 | D:12     | Found the +4 consecrated labrys {holy, Valiant Fragile Fly
                  | SInv}
 18475 | D:12     | Identified the +5 scale mail of the Vestibule of Hell
                  | {Str+3}
 18609 | D:12     | Identified the +3 sling "Esauseg" {drain, Will+ MP-9
                  | Stlth+}
 19037 | D:13     | Found a gate to the Vaults.
 19156 | D:13     | Reached skill level 1 in Armour
 19487 | D:13     | Acquired a manual of Ice Magic
 19523 | D:14     | HP: 4/112 [mirror damage (45)]
 19906 | D:14     | Found a gate leading to a gauntlet.
 19914 | Gauntlet | Entered a Gauntlet
 19914 | Gauntlet | Found a transporter.
 19914 | Gauntlet | Found a runed translucent gate.
 19914 | Gauntlet | Found a transporter.
 19914 | Gauntlet | Found a runed translucent gate.
 19924 | Gauntlet | Found a transporter.
 19924 | Gauntlet | Found the +8 mithril axe "Arga" {speed, Will+}
 19928 | Gauntlet | Found a transporter.
 19936 | Gauntlet | Found a transporter.
 19940 | Gauntlet | Found a transporter.
 19948 | Gauntlet | Found a transporter.
 19964 | Gauntlet | Found a transporter.
 19982 | Gauntlet | Found a transporter.
 19983 | Gauntlet | Found a transporter.
 19991 | Gauntlet | Found a transporter.
 19995 | Gauntlet | Found a transporter.
 19997 | Gauntlet | Found a runed translucent gate.
 20567 | Gauntlet | Identified the ring of Qeceit {rCorr Int+4}
 20587 | Gauntlet | Identified the +3 sling "Tuvvolud" {freeze, rF- Str-3 Int+5
                  | SInv}
 20836 | Gauntlet | Identified the +1 sling "Usuoxi" {heavy, rPois rC- rN++
                  | rCorr}
 20916 | D:14     | Found an ornate altar of the Wu Jian Council.
 22011 | Shoals:1 | Entered Level 1 of the Shoals
 22373 | Shoals:1 | Reached skill level 5 in Armour
 22731 | Shoals:1 | Reached XP level 16. HP: 84/118 MP: 0/0
 22785 | Shoals:1 | Found Tiwelok's Armour Boutique.
 23592 | Shoals:2 | Noticed Ilsuiw
 23604 | Shoals:2 | Killed Ilsuiw
 25094 | Shoals:3 | Noticed a kraken
 25207 | Shoals:3 | Killed a kraken
 25881 | Shoals:4 | Entered Level 4 of the Shoals
 26166 | Shoals:4 | Reached XP level 17. HP: 99/127 MP: 0/0
 26166 | Shoals:4 | Learned a level 6 spell: Simulacrum
 26571 | Shoals:4 | Identified the +0 leather armour of Anaesthesia {Rampage
                  | rCorr}
 27351 | Shoals:4 | Got a barnacled rune of Zot
 27690 | Shoals:4 | Identified the ring "Qanicaz" {MP+9 Dex+2}
 28518 | Spider:1 | Entered Level 1 of the Spider Nest
 28845 | Spider:1 | Reached skill level 15 in Fighting
 29079 | Spider:1 | Reached skill level 1 in Stealth
 30248 | Spider:1 | Reached XP level 18. HP: 135/138 MP: 0/0
 30600 | Spider:2 | Noticed Aizul
 30613 | Spider:2 | Killed Aizul
 31262 | Spider:2 | Reached skill level 5 in Stealth
 32644 | Spider:3 | Noticed Kirke
 32656 | Spider:3 | Killed Kirke
 33067 | Spider:3 | Noticed Mara
 33077 | Spider:3 | Noticed Vorhees's illusion
 33117 | Spider:3 | Noticed Vorhees's illusion
 33452 | Spider:3 | Noticed Vorhees's illusion
 33482 | Spider:3 | Killed Mara
 34070 | Spider:4 | Entered Level 4 of the Spider Nest
 34479 | Spider:4 | Reached XP level 19. HP: 118/143 MP: 0/0
 34479 | Spider:4 | Learned a level 7 spell: Enfeeble
 34964 | Spider:4 | Noticed Arachne
 34984 | Spider:4 | Killed Arachne
 35455 | Spider:4 | Reached skill level 5 in Evocations
 36089 | Spider:4 | Got a gossamer rune of Zot
 36577 | D:15     | Entered Level 15 of the Dungeon
 36577 | D:15     | Found Iteah's Magic Scroll Boutique.
 36587 | D:15     | Bought 2 scrolls of acquirement for 1352 gold pieces
 36718 | D:15     | Acquired a manual of Earth Magic
 36720 | D:15     | Acquired the ring of Vekaannure {rC+ Will+ Str+6 Int+3
                  | Dex-2}
 36952 | D:15     | Gained mutation: You occasionally lose the ability to read
                  | scrolls when taking damage. [a neqoxec]
 36968 | D:15     | Gained mutation: You occasionally lose the ability to drink
                  | potions when taking damage. [a neqoxec]
 37244 | D:14     | Lost mutation: You occasionally lose the ability to drink
                  | potions when taking damage. [potion of mutation]
 37244 | D:14     | Lost mutation: You occasionally lose the ability to read
                  | scrolls when taking damage. [potion of mutation]
 37244 | D:14     | Gained mutation: You have a beak for a mouth. [potion of
                  | mutation]
 37245 | D:14     | Lost mutation: You have a beak for a mouth. [potion of
                  | mutation]
 37245 | D:14     | Gained mutation: You are weak. (Str -2) [potion of
                  | mutation]
 37245 | D:14     | Gained mutation: You are robust. (+10% HP) [potion of
                  | mutation]
 38062 | D:15     | Found a staircase to the Depths.
 38235 | Vaults:1 | Entered Level 1 of the Vaults
 38975 | Vaults:1 | Reached XP level 20. HP: 143/163 MP: 0/0
 39408 | Vaults:1 | Noticed Norris
 39417 | Vaults:1 | Killed Norris
 39575 | Vaults:1 | Found Pieck's Weapon Shop.
 41133 | Vaults:2 | Found Erufie Vout's Weapon Shop.
 41194 | Vaults:2 | Found Ititemul's Armour Boutique.
 41692 | Vaults:2 | Found Ogue's Jewellery Emporium.
 41757 | Vaults:2 | Found Curessasm's Jewellery Shop.
 41776 | Vaults:2 | Found Xiuricvi's Distillery.
 42131 | Vaults:2 | Found a staircase to the Crypt.
 42131 | Vaults:2 | Found a basalt altar of Yredelemnul.
 42205 | Vaults:2 | Noticed Donald
 42211 | Vaults:2 | Killed Donald
 42351 | Vaults:2 | Acquired a manual of Conjurations
 42522 | Vaults:2 | Reached skill level 1 in Shields
 42945 | Vaults:2 | Identified the +5 spear "Tas Pana" {protect, rElec rF- MP+9
                  | Str+3}
 43376 | Vaults:2 | Bought a potion of mutation for 120 gold pieces
 44179 | Vaults:3 | Reached skill level 5 in Shields
 44179 | Vaults:3 | Reached XP level 21. HP: 160/170 MP: 0/0
 44179 | Vaults:3 | Learned a level 7 spell: Summon Hydra
 44499 | Vaults:3 | Identified the staff of the Harvest {*Slow rPois Int+2
                  | Dex+6 Ice Poison}
 45868 | Vaults:4 | Noticed Sojobo
 46091 | Vaults:4 | Paralysed by an air elemental for 1 turns
 46107 | Vaults:4 | Paralysed by an air elemental for 1 turns
 46136 | Vaults:4 | Killed Sojobo
 47163 | Vaults:4 | Noticed Xtahua
 47177 | Vaults:4 | Killed Xtahua
 47614 | Vaults:4 | Found Xituvaus's Jewellery Emporium.
 47626 | Vaults:4 | Noticed Margery
 48259 | Vaults:4 | Killed Margery
 48753 | Vaults:2 | Bought 2 potions of heal wounds for 150 gold pieces
 48753 | Vaults:2 | Bought a potion of invisibility for 120 gold pieces
 48753 | Vaults:2 | Bought a potion of invisibility for 120 gold pieces
 49069 | Elf:1    | Entered Level 1 of the Elven Halls
 49303 | Elf:1    | Found Ittesh's Weapon Emporium.
 49446 | Elf:1    | Reached XP level 22. HP: 168/177 MP: 0/0
 49880 | Elf:1    | Found Ukeng's Armour Emporium.
 50031 | Elf:1    | Paralysed by an air elemental for 1 turns
 50565 | Elf:2    | Found a runed translucent gate.
 50565 | Elf:2    | Found a runed translucent gate.
 50566 | Elf:2    | Found a runed translucent gate.
 51089 | Elf:3    | Entered Level 3 of the Elven Halls
 51760 | Elf:3    | Reached skill level 27 in Ice Magic
 51782 | Elf:3    | Identified the amulet "Esitos" {Faith Dex+6 SInv}
 52052 | Elf:3    | Identified the +0 robe of Creativity {rPois}
 52119 | Elf:3    | Identified the +6 great mace of the Demagogue {pain, rC+
                  | Int+4}
 52319 | Elf:3    | Identified the +5 hand axe "Jonek" {freeze, rN+ Str+2}
 52321 | Elf:3    | Identified the staff "Yser" {rPois rF+ rN+ Dex+5 Necro}
 52378 | Elf:3    | Identified the +7 arbalest "Leviticus" {drain, rCorr}
 52398 | Elf:3    | Identified the +6 halberd of the Blushing Saviour {freeze,
                  | rElec rF- rCorr SInv}
 53307 | Elf:3    | Reached XP level 23. HP: 167/182 MP: 0/0
 53307 | Elf:3    | Learned a level 7 spell: Monstrous Menagerie
 53373 | Elf:3    | Found Lupyruv's General Store.
 53379 | Elf:3    | Found Boykut's Specific Store.
 53444 | Elf:3    | Found a runed translucent gate.
 53444 | Elf:3    | Found a runed translucent gate.
 53445 | Elf:3    | Found a runed translucent gate.
 53448 | Elf:3    | Noticed RandomKimchi's ghost (veteran AtGl)
 53855 | Depths:1 | Entered Level 1 of the Depths
 53857 | Depths:1 | Found a shadowy altar of Dithmenos.
 54491 | Depths:1 | Found Vuluul's Book Shop.
 54491 | Depths:1 | Found Aweyci's Jewellery Shoppe.
 54492 | Depths:1 | Found Irewn's Book Shop.
 55145 | Depths:1 | Found a gateway to Hell.
 55242 | Depths:1 | Found a one-way gate to the infinite horrors of the Abyss.
 56650 | Depths:2 | Found a one-way gate leading to the halls of Pandemonium.
 57079 | Depths:2 | Paralysed by an air elemental for 1 turns
 57706 | Depths:2 | Noticed an ancient lich
 57715 | Depths:2 | Reached skill level 10 in Evocations
 57718 | Depths:2 | Killed an ancient lich
 58108 | Depths:3 | Found Zuza Ivu's Weapon Boutique.
 58290 | Depths:3 | Noticed a golden dragon
 58743 | Depths:2 | Killed a golden dragon
 59214 | Depths:2 | Reached skill level 10 in Shields
 59509 | Depths:3 | Reached XP level 24. HP: 189/192 MP: 0/0
 59719 | Depths:3 | Found a glowing silver altar of Zin.
 60478 | Depths:3 | Found a one-way gateway to a ziggurat.
 60846 | Depths:3 | Found a hide-covered altar of Uskayaw.
 61011 | Depths:4 | Entered Level 4 of the Depths
 61528 | Depths:4 | Found Emumin's Antique Weapon Boutique.
 61528 | Depths:4 | Found Luenuena's Antique Weapon Shop.
 61533 | Depths:4 | Found Dintudig's Weapon Boutique.
 61556 | Depths:4 | Reached skill level 27 in Earth Magic
 61909 | Depths:4 | Found Etrier's Assorted Antiques.
 62171 | Depths:4 | Found Uplept's Armour Shop.
 62946 | Depths:4 | Identified the +1 robe "Nooc" {Will+ Str+2}
 63312 | Depths:4 | Noticed a golden dragon
 63322 | Depths:4 | Killed a golden dragon
 63358 | Depths:4 | Found a gate to the Realm of Zot.
 63452 | Depths:4 | Reached skill level 10 in Armour
 64353 | Slime:1  | Entered Level 1 of the Pits of Slime
 64361 | Slime:1  | Reached XP level 25. HP: 135/202 MP: 0/0
 64361 | Slime:1  | Learned a level 8 spell: Lehudib's Crystal Spear
 65137 | Vaults:5 | Entered Level 5 of the Vaults
 65142 | Vaults:5 | Reached skill level 27 in Conjurations
 65145 | Vaults:5 | Noticed Mennas
 65399 | Vaults:5 | Identified the ring "Zosh" {rC+++ rN+ AC+4 Str+4 Stlth-}
 65459 | Vaults:5 | Killed Mennas
 65460 | Vaults:5 | Reached skill level 15 in Evocations
 65699 | Vaults:5 | Identified the +7 flail of the Pill Bug {heavy, rElec
                  | Dex+4}
 66183 | Vaults:5 | Got a silver rune of Zot
 66294 | Vaults:5 | Identified the staff "Uqerona" {rN+ Stlth+ Necro}
 66816 | Vaults:5 | Identified the +10 rapier of Ameomust {spect, rElec rN+}
 66926 | Vaults:5 | Noticed an ancient lich
 66931 | Vaults:5 | Killed an ancient lich
 67043 | Vaults:5 | Reached XP level 26. HP: 212/214 MP: 0/0
 67704 | Vaults:5 | Reached skill level 27 in Transmutations
 68213 | Vaults:5 | Identified the +10 sling of the Slashing Fulmar {flame,
                  | Int+3}
 68521 | Zot:1    | Entered Level 1 of the Realm of Zot
 69552 | Zot:1    | Noticed Vv
 70054 | Zot:1    | Killed Vv
 70607 | Zot:1    | Noticed an orb of fire
 70614 | Zot:1    | Killed an orb of fire
 72635 | Zot:2    | Reached XP level 27. HP: 211/225 MP: 0/0
 72635 | Zot:2    | Learned a level 9 spell: Polar Vortex
 73122 | Zot:2    | Noticed a Killer Klown
 73126 | Zot:2    | Killed a Killer Klown
 73610 | Zot:3    | Noticed a Killer Klown
 73811 | Zot:3    | Reached skill level 15 in Dodging
 74364 | Zot:3    | You are sucked into a shaft and drop 1 floor!
 74492 | Zot:3    | Killed a Killer Klown
 75389 | Zot:5    | Entered Level 5 of the Realm of Zot
 75535 | Zot:5    | Found a transporter.
 75536 | Zot:5    | Found a transporter.
 75538 | Zot:5    | Found a transporter.
 75539 | Zot:5    | Found a transporter.
 75865 | Zot:5    | Noticed an ancient lich
 75938 | Zot:5    | Reached skill level 27 in Spellcasting
 75938 | Zot:5    | Reached skill level 27 in Hexes
 75938 | Zot:5    | Reached skill level 27 in Summonings
 75938 | Zot:5    | Reached skill level 27 in Necromancy
 75938 | Zot:5    | Reached skill level 27 in Translocations
 75938 | Zot:5    | Reached skill level 27 in Fire Magic
 75938 | Zot:5    | Reached skill level 27 in Air Magic
 75938 | Zot:5    | Reached skill level 27 in Poison Magic
 75951 | Zot:5    | Noticed an ancient lich
 75952 | Zot:5    | Noticed a Killer Klown
 75959 | Zot:5    | Noticed an orb of fire
 75962 | Zot:5    | Noticed a Killer Klown
 76014 | Zot:5    | Noticed a Killer Klown
 76015 | Zot:5    | Noticed an orb of fire
 76015 | Zot:5    | Noticed an orb of fire
 76016 | Zot:5    | Noticed a dread lich
 76017 | Zot:5    | Gained mutation: You sometimes lose your temper in combat.
                  | [an orb of fire]
 76019 | Zot:5    | Killed a Killer Klown
 76022 | Zot:5    | Noticed a Killer Klown
 76022 | Zot:5    | Killed an orb of fire
 76023 | Zot:5    | Killed a Killer Klown
 76025 | Zot:5    | Lost mutation: You are robust. (+10% HP) [potion of
                  | mutation]
 76025 | Zot:5    | Lost mutation: You are weak. (Str -2) [potion of mutation]
 76025 | Zot:5    | Gained mutation: You passively map a small area around you.
                  | [potion of mutation]
 76025 | Zot:5    | Gained mutation: Armour fits poorly on your strangely
                  | shaped body. [potion of mutation]
 76025 | Zot:5    | Gained mutation: You are agile. (Dex +4, Str/Int -1)
                  | [potion of mutation]
 76026 | Zot:5    | Lost mutation: Armour fits poorly on your strangely shaped
                  | body. [potion of mutation]
 76026 | Zot:5    | Lost mutation: You sometimes lose your temper in combat.
                  | [potion of mutation]
 76026 | Zot:5    | Lost mutation: You are agile. (Dex +4, Str/Int -1) [potion
                  | of mutation]
 76026 | Zot:5    | Gained mutation: You have supernaturally acute eyesight.
                  | (SInv) [potion of mutation]
 76026 | Zot:5    | Gained mutation: You are frail. (-10% HP) [potion of
                  | mutation]
 76026 | Zot:5    | Gained mutation: Your spells are a little harder to cast,
                  | but a little more powerful. [potion of mutation]
 76026 | Zot:5    | Gained mutation: You are somewhat resistant to further
                  | mutation. [potion of mutation]
 76026 | Zot:5    | Killed a Killer Klown
 76028 | Zot:5    | Killed a dread lich
 76029 | Zot:5    | Killed a Killer Klown
 76163 | Zot:5    | Got the Orb of Zot
 76489 | D:15     | Noticed Kimpituu the pandemonium lord
 76538 | D:13     | Noticed a seraph
 76738 | D:7      | Noticed Talunik the pandemonium lord
 76738 | D:7      | Noticed an ancient lich
 76951 | D:$      | Escaped with the Orb!

Illustrated notes

Levels and vault maps discovered:
D:1:      minmay_arrival_split_and_join, layout_basic
D:2:      layout_basic, shapermc_ecumenical_altar_flowoftime
D:3:      layout_rooms, mainiacjoe_overflow_boulevard
D:4:      kennysheep_spiral_hall, layout_rooms, mainiacjoe_overflow_24_doors,
          minitemple, nicolae_shop_i_like_big_books
D:5:      minmay_recursive_quarters, layout_loops_ring,
          makhleb_altar_promises_db
D:6:      layout_basic, minmay_temple_entry_drinking_statues
D:7:      layout_cave_pools, kennysheep_okawaru_gauntlet, uniq_joseph
D:8:      layout_cave_pools, fedhas_altar_2, erik_lair_orcish_takeover,
          serial_park, serial_park_square3 [serial_park_minivault_5x5_5],
          serial_park_tiny_2, serial_park_square1 [serial_park_minivault_5x5_4]
D:9:      layout_layer_cave, orc_0_dummy, chequers_decorated_corner
D:10:     layout_basic
D:11:     layout_rooms
D:12:     layout_cave_pools, nicolae_sif_muna_little_library
D:13:     layout_basic, david_vaults_2
D:14:     layout_loops_ring, hangedman_abyss_or_decor_clamps,
          gauntlet_entry_generic, nicolae_wu_jian_wuxing_cycle
D:15:     gammafunk_enter_depths_forms, layout_rooms, serial_demonic,
          serial_demonic_b, serial_demonic_c, serial_demonic_d,
          serial_demonic_b, serial_demonic_f, serial_demonic_a, serial_shops,
          nicolae_shop_stone, chequers_arboretum
Temple:   eino_temple_water
Lair:1:   beast_lair_carwin_large_1, layout_hall_layers, minivault_11,
          infiniplex_staircase_pool_2
Lair:2:   layout_concentric_octagons, elwin_shoals_entry_stream,
          spider_nest_entry_web_field, grunt_megastairs_3, uniq_amaemon
Lair:3:   dreamdust_cave_troll, layout_misc_corridors, lemuel_fruit_tree,
          uniq_nessos
Lair:4:   layout_gridlike, chequers_serial_rivers_large_a, lemuel_centaur_altar,
          serial_bayou_shore_b, serial_bayou_shore_b, infiniplex_staircase_pool
Lair:5:   grunt_lair_end_beastmaster, layout_big_grid,
          minmay_slime_entry_pillars, nicolae_volcano_entry_two_sided
Shoals:1: layout_shoals, serial_shops, nicolae_shop_window_shopping
Shoals:2: layout_shoals, nicolae_shoals_isolated_beach, uniq_ilsuiw
Shoals:3: layout_shoals, nicolae_shoals_secluded_bog
Shoals:4: shoals_end_simple, layout_shoals
Spider:1: layout_chambers
Spider:2: layout_chambers, nicolae_spider_jagged_tunnels, uniq_aizul
Spider:3: layout_spider_delve, uniq_kirke, uniq_mara
Spider:4: grunt_spider_rune_parallel, uniq_arachne
Slime:1:  layout_caves
Slime:2:  layout_caves, nicolae_slime_crime_time
Orc:1:    layout_diamond_mine, basic_altar
Orc:2:    st_orc_pillars, layout_diamond_mine, david_defended_altar_orc
Elf:1:    layout_loops_corners, minmay_elf_demonology, minmay_shop_star
Elf:2:    elven_hall_of_blades_hangedman_original
          [nicolae_blade_entry_pointy_end], layout_rooms
Elf:3:    minmay_elf_hall_golems, layout_gridlike, ebering_ghost_rock_garden,
          nicolae_specific_store
Vaults:1: nicolae_vaults_little_ls, v_misc_18, v_misc_33,
          nicolae_vaults_cornered_office, nicolae_vaults_closet_pinwheel_3,
          ontoclasm_vaults_tryst, nicolae_vaults_security_offices_6,
          hangedman_vaults_stream, nicolae_vaults_network_periphery, v_misc_19,
          vaults_room_hallway, layout_vaults_omnibox, serial_shops,
          nicolae_shop_advertising_works [nicolae_subvault_shop_adworks],
          uniq_norris
Vaults:2: portal_desolation_entry_garden, vaults_room_ringed_pool,
          minmay_crypt_entry_necro_gods, nicolae_vaults_heart-shaped_vault,
          hangedman_vaults_capsules, vaults_mumra_minichess,
          layout_vaults_omnigrid, serial_shops, shop, shop, shop,
          nicolae_shop_crystal, nicolae_shop_peninsula, uniq_donald
Vaults:3: nicolae_vaults_apartment_1, nicolae_vaults_house_1,
          nicolae_vaults_trapezoid_1, v_misc_32,
          nicolae_vaults_little_squares_4, v_alt_pattern_4, vaults_room_grid,
          nicolae_vaults_tangram_1, nicolae_vaults_house_2,
          nicolae_vaults_little_squares_4, nicolae_vaults_surprise_closet,
          vaults_dpeg_ring, layout_vaults_chaotic_city
Vaults:4: v_misc_26, v_misc_27, nicolae_vaults_good_morning_starshine,
          ontoclasm_vaults_ring_square, hangedman_vaults_river_flow,
          hangedman_vaults_impose, nicolae_vaults_little_squares_4,
          ontoclasm_vaults_decontamination, nicolae_vaults_tetromino_T_1,
          nicolae_vaults_wine_cellar, vaults_room_semicircle,
          layout_vaults_omnicross, serial_shops, nicolae_shop_gaudy_bauble,
          uniq_sojobo, uniq_xtahua, uniq_margery
Vaults:5: uniq_mennas
Depths:1: layout_gridville, lightli_too_deep, minmay_misc_feat_tiny,
          abyss_entry, minmay_variable_closet, nicolae_dithmenos_the_darkroom,
          minmay_shop_grove
Depths:2: constructs_gauntlet_mu_hangedman, layout_honeycomb, abyss_entry,
          hangedman_abyss_or_decor_stabs, hell_entry, rand_demon_pan_entry_3
Depths:3: hangedman_cross_cluster, layout_cave_pools, enter_ziggurat_c,
          lemuel_doored_altar, serial_shops, nicolae_shop_stone, hell_entry,
          abyss_entry
Depths:4: grunt_zot_entry_funnels, layout_basic, serial_glass, glass_columns_b,
          glass_columns_a, rand_demon_pan_entry_8, hell_entry, serial_shops,
          nicolae_shop_tiny_glass, minmay_shoptagon, serial_bayou_shore_b
Zot:1:    layout_basic, uniq_vv
Zot:2:    layout_concentric_octagons, st_stairs_1, bh_zot_lava_cross
Zot:3:    grunt_twist_and_shout, layout_onion_interference
Zot:4:    layout_gridlike, grunt_ministairs_15
Zot:5:    layout_misc_corridors, nicolae_diode_quadrants

Skill      XL: |  1  2  3  4  5  6  7  8  9 10 11 12 13 14 15 16 17 18 19 20 21 22 23 24 25 26 27 |
---------------+----------------------------------------------------------------------------------+-----
Spellcasting   | 3 4 5 6 8 10 11 12 13 14 15 16 17 18 19 20 21 22 23 24 26 27 | 27.0
Conjurations   | 3 4 5 6 8 10 11 12 13 14 15 16 17 18 19 20 22 25 26 27 | 27.0
Hexes          | 3 4 5 6 8 10 11 12 13 14 15 16 17 18 19 20 21 22 23 24 26 27 | 27.0
Summonings     | 3 4 5 6 8 10 11 12 13 14 15 16 17 18 19 20 21 22 23 24 26 27 | 27.0
Necromancy     | 3 4 5 6 8 10 11 12 13 14 15 16 17 18 19 20 21 22 23 24 26 27 | 27.0
Translocations | 3 4 5 6 8 10 11 12 13 14 15 16 17 18 19 20 21 22 23 24 26 27 | 27.0
Transmutations | 3 4 5 6 8 10 11 12 13 14 15 16 17 18 19 20 21 23 24 25 26 27 | 27.0
Fire Magic     | 3 4 5 6 8 10 11 12 13 14 15 16 17 18 19 20 21 22 23 24 26 27 | 27.0
Ice Magic      | 3 4 5 6 8 10 11 12 13 14 15 17 18 20 21 22 24 25 27 | 27.0
Air Magic      | 3 4 5 6 8 10 11 12 13 14 15 16 17 18 19 20 21 22 23 24 26 27 | 27.0
Earth Magic    | 3 4 5 6 8 10 11 12 13 14 15 16 17 18 19 20 21 23 25 26 27 | 27.0
Poison Magic   | 3 4 5 6 8 10 11 12 13 14 15 16 17 18 19 20 21 22 23 24 26 27 | 27.0
Fighting       | 4 7 10 11 12 13 15 16 17 18 20 | 20.0
Evocations     | 1 3 6 11 13 15 18 | 18.5
Dodging        | 3 8 11 12 14 15 | 15.0
Armour         | 5 7 10 | 10.0
Stealth        | 2 7 |  7.4
Shields        | 5 9 10 | 10.0
Staves         | |  0.2
Ranged Weapons | |  1.5

Action                     |  1- 3 |  4- 6 |  7- 9 | 10-12 | 13-15 | 16-18 | 19-21 | 22-24 | 25-27 || total
---------------------------+-------+-------+-------+-------+-------+-------+-------+-------+-------++-------
  Melee: Staff             |       |       |       |       |       |     2 |    10 |     8 |     2 ||    22
         Punch             |       |       |       |       |       |       |     1 |       |       ||     1
   Fire: Sling             |    42 |    18 |       |     4 |       |       |       |       |       ||    64
   Cast: Shock             |    24 |    80 |   105 |    17 |    14 |     4 |       |       |       ||   244
         Poisonous Vapours |       |       |    60 |    96 |   211 |   292 |   252 |   228 |    77 ||  1216
         Ignite Poison     |       |       |    31 |    63 |   148 |   188 |   210 |   176 |    50 ||   866
         Inner Flame       |       |       |       |    14 |   108 |    33 |   105 |    22 |     4 ||   286
         Cause Fear        |       |       |       |    10 |    24 |    34 |    44 |    12 |     7 ||   131
         Freezing Cloud    |       |       |       |    34 |    69 |   115 |   120 |    44 |    14 ||   396
         Yara's Violent Un |       |       |       |       |    82 |    22 |    76 |    10 |    19 ||   209
         Starburst         |       |       |       |       |    31 |   129 |   168 |    70 |    10 ||   408
         Enfeeble          |       |       |       |       |       |       |    10 |    71 |    92 ||   173
         Summon Hydra      |       |       |       |       |       |       |    23 |   256 |    13 ||   292
         Monstrous Menager |       |       |       |       |       |       |       |    82 |     5 ||    87
         Lehudib's Crystal |       |       |       |       |       |       |       |       |   430 ||   430
         Polar Vortex      |       |       |       |       |       |       |       |       |     4 ||     4
 Invoke: Call Merchant     |       |       |       |       |     3 |       |       |       |       ||     3
         Potion Petition   |       |       |       |       |       |       |     2 |     1 |     5 ||     8
         Bribe Branch      |       |       |       |       |       |       |       |       |     5 ||     5
  Evoke: Wand              |       |       |       |    10 |     1 |     7 |     5 |     3 |     7 ||    33
         Lightning rod     |       |       |       |       |       |     4 |       |       |       ||     4
         Sack of spiders   |       |       |       |       |       |     1 |     1 |       |       ||     2
         Phantom mirror    |       |       |       |       |       |     1 |     1 |       |       ||     2
    Use: Scroll            |     5 |     5 |     6 |     9 |    11 |     9 |    12 |     7 |    15 ||    79
         Potion            |       |       |     1 |     1 |     4 |     6 |     8 |     2 |    15 ||    37
 Armour: Robe              |    10 |    20 |    16 |    28 |    37 |       |       |       |       ||   111
         Steam dragon scal |       |       |       |       |    42 |   149 |   232 |   221 |   193 ||   837
  Dodge: Dodged            |    12 |    22 |    33 |    12 |    63 |   156 |   187 |   103 |   117 ||   705
  Block: Kite shield       |       |       |       |       |       |       |    23 |   117 |    97 ||   237
         Reflection        |       |       |       |       |       |       |     2 |    18 |    17 ||    37

Table legend: (Time is in decaauts)
 A = Elapsed time spent in this place.
 B = Non-inter-level travel time spent in this place.
 C = Inter-level travel time spent in this place.
 D = Time resting spent in this place.
 E = Time spent auto-exploring this place.
 F = Levels seen in this place.
 G = Mean time per level.
                   A        B        C        D        E       F      G
               +--------+--------+--------+--------+--------+-----+--------+
         Total |  76941 |  69871 |   7070 |  21702 |  25481 |  52 | 1479.6 |
       Dungeon |  14342 |  12646 |   1696 |   2412 |   6537 |  15 |  956.1 |
        Temple |     52 |      2 |     50 |      0 |      0 |   1 |   52.0 |
          Lair |   7744 |   6996 |    748 |   2509 |   2549 |   5 | 1548.8 |
        Shoals |   6459 |   6031 |    428 |   2386 |   1571 |   4 | 1614.8 |
   Spider Nest |   7900 |   7625 |    275 |   2665 |   2650 |   4 | 1975.0 |
    Slime Pits |    503 |    468 |     35 |    161 |    191 |   2 |  251.5 |
  Orcish Mines |   2035 |   1644 |    391 |    178 |    533 |   2 | 1017.5 |
   Elven Halls |   4581 |   4135 |    446 |    896 |   1806 |   3 | 1527.0 |
        Vaults |  13941 |  12593 |   1348 |   3905 |   4539 |   5 | 2788.2 |
        Depths |  11113 |  10289 |    824 |   4488 |   3364 |   4 | 2778.2 |
           Zot |   7077 |   6252 |    825 |   1741 |   1741 |   5 | 1415.4 |
       Volcano |    243 |    243 |      0 |     85 |      0 |   1 |  243.0 |
      Gauntlet |    945 |    945 |      0 |    275 |      0 |   1 |  945.0 |
               +--------+--------+--------+--------+--------+-----+--------+

Top non-repeatable levels by time:
Vaults:1: 3515 daAuts
Depths:2: 3502 daAuts
Vaults:4: 3246 daAuts
Depths:4: 3166 daAuts
Vaults:5: 3164 daAuts
   Zot:1: 2780 daAuts
Shoals:4: 2540 daAuts
Spider:2: 2533 daAuts
Depths:3: 2413 daAuts
  Lair:5: 2233 daAuts
Spider:1: 2183 daAuts
Vaults:3: 2127 daAuts
Depths:1: 2030 daAuts
Vaults:2: 1887 daAuts
   Elf:2: 1809 daAuts
